 Dungeon Crawl Stone Soup version 0.31-a0-174-g85c54bcb58 (webtiles) character file.

Game seed: 15565062994927441457

564 roflturtle the Firebug (level 7, -1/32 (36) HPs)
             Began as a Tengu Fire Elementalist on June 15, 2023.
             Slain by a wight
             ... wielding a +0 hand axe
              (3 damage)
             ... on level 4 of the Dungeon.
             The game lasted 00:11:27 (4176 turns).

roflturtle the Firebug (Tengu Fire Elementalist)    Turns: 4176, Time: 00:11:28

HP:   -1/32 (36)    AC:  3    Str:  8    XL:     7   Next: 32%
MP:   3/16          EV: 14    Int: 17    God:
Gold: 235           SH:  0    Dex: 15    Spells: 7/16 levels left

rFire   . . .        y - +4 long sword
rCold   . . .        (no shield)
rNeg    . . .        a - +0 robe
rPois   .            (helmet restricted)
rElec   .            (no cloak)
rCorr   .            h - +0 pair of gloves
SInv    .            (boots unavailable)
Will    .....        (no amulet)
Stlth   ++           (no ring)
HPRegen 0.25/turn    (no ring)
MPRegen 0.15/turn

%: no passive effects
@: flying quickly and evasively, heavily drained, quick
A: beak, talons 3, nimble flight
a: no special abilities


You were on level 4 of the Dungeon.
You visited 1 branch of the dungeon, and saw 4 of its levels.

You collected 235 gold pieces.

Inventory:

Hand Weapons
 e - a +1 hand axe of electrocution
 f - a +0 dagger
 x - a +0 vampiric dagger
 y - a +4 long sword (weapon)
Armour
 a - a +0 robe (worn)
 h - a +0 pair of gloves (worn)
 v - the +2 ring mail "Fassy" {Int+4 Stlth+}
   (You found it on level 4 of the Dungeon)

   Int:       It affects your intelligence (+4).
   Stlth:     It makes you more stealthy.
Jewellery
 m - a +6 ring of intelligence
 r - a ring of ice
 s - an amulet of guardian spirit
Wands
 o - a wand of flame (1)
Scrolls
 g - 3 scrolls of blinking {unknown}
 i - a scroll of immolation {unknown}
 j - a scroll of fog {unknown}
 k - a scroll of identify {unknown}
 l - 2 scrolls of teleportation {unknown}
 q - a scroll of amnesia {unknown}
 t - a scroll of fear {unknown}
 u - a scroll of revelation {unknown}
Potions
 b - a potion of magic
 c - a potion of curing {unknown}
 d - 2 potions of degeneration {unknown}
 n - 3 potions of brilliance {unknown}
 p - a potion of berserk rage {unknown}
 w - a potion of attraction {unknown}


   Skills:
 - Level 2.1 Dodging
 - Level 2.0 Stealth
 + Level 5.3 Spellcasting
 - Level 3.4 Conjurations
 - Level 6.0 Fire Magic


You had 7 spell levels left.
You knew the following spells:

 Your Spells              Type           Power      Damage    Failure   Level
a - Foxfire               Conj/Fire      80%        2x1d8     1%          1
b - Scorch                Fire           48%        2d7       1%          2
c - Inner Flame           Hex/Fire       14%        N/A       12%         3
d - Volatile Blastmotes   Fire/Tloc      28%        2d12      12%         3

Your spell library contained the following spells:

 Spells                   Type           Power      Damage    Failure   Level
 Necrotise                Necr           16%        1d4       14%         1
 Cigotuvi's Dreadful Rot  Necr/Pois/Air  8%         N/A       21%         2
 Flame Wave               Conj/Fire      20%        2d7       21%         4
 Vampiric Draining        Necr           4%         2d6       38%         3
 Vhi's Electric Charge    Tloc/Air       8%         N/A       38%         3
 Dispel Undead            Necr           4%         3d7       80%         4
 Arcjolt                  Conj/Air       5%         1d15      88%         5
 Agony                    Necr           4%         N/A       98%         5
 Plasma Beam              Fire/Air       7%         2x1d17    99%         6
 Death Channel            Necr           2%         N/A       100%        6


Dungeon Overview and Level Annotations

Branches:
Dungeon (4/15)
 Temple: D:4-7

Altars:
Elyvilon
Nemelex Xobeh
Ru


Innate Abilities, Weirdness & Mutations

You have a beak for a mouth.
You have claws for feet.
Your magical nature lets you fly swiftly and evasively.


Message History

Casting: Scorch (safe; 1% risk of failure)
Confirm with . or Enter, or press ? or * to list all spells.
Flames lash the wight but do no damage.
The wight barely misses you.
Your +1 hand axe of electrocution stops crackling.
y - a +4 long sword (weapon)
The orc wizard casts a spell at you. The puff of flame hits you!
You hit the wight.
The wight is severely damaged.
The wight closely misses you. The wight misses you.
Casting: Scorch (safe; 1% risk of failure)
Confirm with . or Enter, or press ? or * to list all spells.
Flames lash the wight but do no damage.
The wight hits you with a +0 hand axe.
You feel drained.
You closely miss the wight. You claw the wight.
The wight is almost destroyed.
The wight is no longer more vulnerable to fire.
The orc wizard completely misses you. The wight hits you with a +0 hand axe.
The orc wizard hits you but does no damage.
Your magical contamination has completely faded away.
You closely miss the wight.
The wight is almost destroyed.
The wight hits you with a +0 hand axe.
You feel drained. The orc wizard barely misses you.
The wight closely misses you.
Casting: Scorch (safe; 1% risk of failure)
Confirm with . or Enter, or press ? or * to list all spells.
Flames lash the wight but do no damage.
The orc wizard hits you but does no damage.
The wight hits you with a +0 hand axe.
You feel drained.
You hit the wight but do no damage.
The wight is almost destroyed.
The orc wizard hits you but does no damage.
The wight hits you with a +0 hand axe!
* * * LOW HITPOINT WARNING * * *
Casting: Scorch (safe; 1% risk of failure)
Confirm with . or Enter, or press ? or * to list all spells.
Flames lash the wight but do no damage.
The orc wizard hits you with a +0 club.
* * * LOW HITPOINT WARNING * * *
The wight hits you with a +0 hand axe.
You die...

~...~~#.......##.#
#.# #.#.#.##
#...###.......##.#
#.# #o#.....
##............##.#
#.#####.#.####
##...........##.#
#.....).......
#.#.##########.#
####....>#####
###.#.# #.#
#.###### # ....#.#
#.# #.#.... #
##..#.# #o#
#.#..####.#
..<.#.# #@#
#.#<......#
##..#.# #z#
#.#..###### #..#.#
#.# #....z.....
#####.# #.#
####.######
......# #.# #.#
####### #.# #(#
#.# #.# #.# #.#
#.#########.#


You could see a wight and an orc wizard.

Vanquished Creatures
  Blork the orc (D:4)
  2 scorpions (D:4)
  A wight (D:4)
  Ijyb (D:3)
  Terence (D:3)
  Natasha (thrice) (D:4)
  An orc wizard (D:4)
  Robin (D:3)
  A river rat (D:3)
  6 adders
  An ufetubus (D:4)
  A worm (D:2)
  2 dart slugs
  4 orcs
  8 bats
  7 endoplasms
  6 giant cockroaches
  18 goblins
  11 hobgoblins
  3 quokkas
  4 ball pythons
  3 frilled lizards
  5 kobolds
  5 rats
96 creatures vanquished.

Vanquished Creatures (others)
  A quokka (D:4)
  265 foxfires
266 creatures vanquished.

Grand Total: 362 creatures vanquished

Notes
Turn   | Place    | Note
-------+----------+-------------------------------------------
     0 | D:1      | roflturtle the Tengu Fire Elementalist began the quest for
                  | the Orb.
     0 | D:1      | Reached XP level 1. HP: 10/10 MP: 4/4
    61 | D:1      | Found a faded altar of an unknown god.
    96 | D:1      | Reached XP level 2. HP: 15/15 MP: 0/6
    99 | D:1      | Learned a level 2 spell: Scorch
   753 | D:2      | Reached XP level 3. HP: 19/19 MP: 1/7
   815 | D:2      | Found a sacrificial altar of Ru.
  1137 | D:2      | Reached skill level 4 in Fire Magic
  1646 | D:3      | Reached XP level 4. HP: 24/24 MP: 5/8
  1650 | D:3      | Learned a level 3 spell: Inner Flame
  1655 | D:3      | Noticed Robin
  1866 | D:3      | Noticed Ijyb
  1873 | D:3      | Killed Ijyb
  1874 | D:3      | Reached skill level 5 in Fire Magic
  2083 | D:3      | Found a sparkling altar of Nemelex Xobeh.
  2088 | D:3      | Noticed Terence
  2133 | D:3      | Killed Terence
  2134 | D:3      | Gained mutation: Your magical nature lets you fly swiftly
                  | and evasively. [Tengu growth]
  2134 | D:3      | Reached XP level 5. HP: 28/28 MP: 1/9
  2250 | D:3      | Killed Robin
  2490 | D:3      | Reached skill level 6 in Fire Magic
  2859 | D:4      | Noticed Blork the orc
  2864 | D:4      | Killed Blork the orc
  2865 | D:4      | Reached XP level 6. HP: 24/32 MP: 1/11
  2869 | D:4      | Learned a level 3 spell: Volatile Blastmotes
  3445 | D:4      | Found a white marble altar of Elyvilon.
  3600 | D:4      | Noticed Natasha
  3606 | D:4      | Killed Natasha
  3625 | D:4      | Reached XP level 7. HP: 36/36 MP: 2/14
  3630 | D:4      | Identified the +2 ring mail "Fassy" {Int+4 Stlth+}
  3808 | D:4      | Noticed Natasha
  3815 | D:4      | Killed Natasha
  3884 | D:4      | Reached skill level 5 in Spellcasting
  3884 | D:4      | Noticed Natasha
  3891 | D:4      | Killed Natasha
  4176 | D:4      | Slain by a wight

Illustrated notes

Levels and vault maps discovered:
D:1:      spicycebolla_green_bress_n_ham, layout_basic,
          hellmonk_ecumenical_altar_run_dry, minmay_box_of_dots
D:2:      layout_basic, basic_altar
D:3:      layout_basic, nemelex_xobeh_ov_fountains_minmay,
          gup_sewer_entry_bubbles, uniq_terence, uniq_ijyb, uniq_robin
D:4:      layout_basic, elyvilon_altar_4, uniq_natasha, uniq_blork_the_orc

Skill      XL: |  1  2  3  4  5  6  7 |
---------------+----------------------+-----
Conjurations   | 2 3 |  3.4
Fire Magic     | 4 5 6 |  6.0
Spellcasting   | 3 4 5 |  5.3
Dodging        | |  2.1
Stealth        | |  2.0

Action                     |  1- 3 |  4- 6 |  7- 9 || total
---------------------------+-------+-------+-------++-------
  Melee: Hand axe          |     5 |    31 |     1 ||    37
         Kick              |     3 |     7 |     1 ||    11
         Unarmed           |     1 |       |       ||     1
         Peck              |       |     5 |       ||     5
         Long sword        |       |       |     4 ||     4
   Cast: Foxfire           |    66 |    71 |    22 ||   159
         Scorch            |     1 |    13 |     8 ||    22
         Inner Flame       |       |     3 |     1 ||     4
   Stab: Sleeping          |       |     3 |       ||     3
 Armour: Robe              |     4 |     7 |     3 ||    14
  Dodge: Dodged            |    12 |    26 |     6 ||    44

Table legend: (Time is in decaauts)
 A = Elapsed time spent in this place.
 B = Non-inter-level travel time spent in this place.
 C = Inter-level travel time spent in this place.
 D = Time resting spent in this place.
 E = Time spent auto-exploring this place.
 F = Levels seen in this place.
 G = Mean time per level.
                   A        B        C        D        E       F      G
               +--------+--------+--------+--------+--------+-----+--------+
         Total |   4090 |   3992 |     98 |     16 |   3255 |   4 | 1022.5 |
       Dungeon |   4090 |   3992 |     98 |     16 |   3255 |   4 | 1022.5 |
               +--------+--------+--------+--------+--------+-----+--------+

Top non-repeatable levels by time:
     D:4: 1269 daAuts
     D:3: 1113 daAuts
     D:2: 960 daAuts
     D:1: 746 daAuts
